 Dungeon Crawl Stone Soup version 0.30.0-5-g1a98f26d00 (webtiles) character file.

Game seed: 1126233383602384982

66 patfeehan111222 the Trooper (level 3, -6/30 HPs)
             Began as a Demonspawn Berserker on May 8, 2023.
             Was a Believer of Trog.
             Blown up by Ijyb (16 damage)
             ... with a mindburst bolt
             ... on level 2 of the Dungeon.
             The game lasted 00:02:19 (1147 turns).

patfeehan111222 the Trooper (Demonspawn Berserker)  Turns: 1147, Time: 00:02:19

Health: -6/30      AC:  8    Str: 19    XL:     3   Next: 96%
Magic:  3/3        EV:  8    Int:  8    God:    Trog [**....]
Gold:   105        SH:  0    Dex: 12    Spells: 2/2 levels left

rFire   . . .        a - +1 hand axe
rCold   . . .        (no shield)
rNeg    . . .        h - +0 chain mail
rPois   .            (no helmet)
rElec   .            (no cloak)
rCorr   .            (no gloves)
SInv    .            (no boots)
Will    .....        (no amulet) Stlth
                     (no ring)
HPRegen 0.25/turn    (no ring)
MPRegen 0.08/turn

%: no passive effects
@: on berserk cooldown, slowed, very slow
A: claws 1
a: Renounce Religion, Berserk, Trog's Hand


You were on level 2 of the Dungeon.
You worshipped Trog.
Trog was pleased with you.
You visited 1 branch of the dungeon, and saw 2 of its levels.

You collected 105 gold pieces.

Inventory:

Hand Weapons
 a - a +1 hand axe (weapon)
Missiles
 c - 4 boomerangs
Armour
 h - a +0 chain mail (worn)
Scrolls
 e - a scroll of teleportation
Potions
 b - a potion of ambrosia {unknown}
 d - a potion of curing {unknown}


   Skills:
 + Level 3.7 Fighting
 + Level 3.4 Axes
 + Level 2.2 Armour
 + Level 2.0 Dodging
 + Level 0.2 Stealth


You had 2 spell levels left.
You didn't know any spells.
Your spell library was empty.

Dungeon Overview and Level Annotations

Branches:
Dungeon (2/15)

Altars:

Annotations:
D:2 Ijyb


Innate Abilities, Weirdness & Mutations

You have sharp fingernails.


Message History

You kill the goblin!
Trog accepts your kill.
You barely miss the goblin. The goblin barely misses you.
You slash the goblin!
You kill the goblin!
Trog accepts your kill.
A kobold comes into view. It is wielding a +0 whip.
The kobold shouts!
The goblin hits you with a +0 club. The goblin barely misses you.
Things that are here:
a +0 club; a +0 club You hit the goblin.
You kill the goblin!
Trog accepts your kill.
You barely miss the goblin.
You see here a +0 dagger.
You feel a strong urge to attack something.
The goblin misses you.
You are no longer berserk.
You are exhausted.
You feel yourself slow down. The goblin hits you but does no damage.
Ijyb hits you but does no damage.
The +4 spectral club hits you but does no damage.
The goblin hits you but does no damage.
A +4 spectral club comes into view.
You slash Ijyb!
Ijyb is moderately wounded.
You barely miss the goblin. You hit the goblin.
You hit the +4 spectral club but do no damage.
Ijyb hits you but does no damage. The +4 spectral club hits you!
The goblin hits you but does no damage. The goblin hits you with a +0 club.
You hit Ijyb but do no damage.
Ijyb is moderately wounded.
You miss the goblin. You closely miss the +4 spectral club.
You barely miss the goblin. Ijyb hits you with a +4 spectral club.
The +4 spectral club hits you.
The kobold throws a stone.
The stone barely misses you.
The goblin hits you but does no damage. x2
Ijyb zaps a wand.
Your mind is blasted!
Ouch! That really hurt!
You die...

##....###
#....######.#......##.
###.....####....#
#......# #.
................#
##.....# #.
...........(....#
##....####.
............###.#
#....##...
........##### #.#
#....##.## ...)..###
#)##########.###.#
......# #)g8.8.8.8 #.#
#.# ......# #.@gg.....
#.###.# #######
#.(g...... #.>.).#
#..K...$.. ####.##
#......... #.#
#......... #.#
#..8.8.8.8 #.#
########## ..# ###


You could see a +4 spectral club, Ijyb, 3 goblins and a kobold.

Vanquished Creatures
  2 adders (D:2)
  A worm (D:1)
  A dart slug (D:1)
  3 bats (D:1)
  An endoplasm (D:1)
  A giant cockroach (D:1)
  6 goblins
  7 hobgoblins
  6 jackals
  2 quokkas (D:1)
  5 ball pythons
  3 frilled lizards (D:1)
  A kobold (D:2)
  A rat (D:2)
40 creatures vanquished.

Notes
Turn   | Place    | Note
-------+----------+-------------------------------------------
     0 | D:1      | patfeehan111222 the Demonspawn Berserker began the quest
                  | for the Orb.
     0 | D:1      | Reached XP level 1. HP: 18/18 MP: 1/1
   136 | D:1      | Gained mutation: You have sharp fingernails. [demonic
                  | ancestry]
   136 | D:1      | Reached XP level 2. HP: 22/24 MP: 2/2
   456 | D:1      | Reached XP level 3. HP: 26/29 MP: 3/3
   467 | D:1      | Reached ** piety under Trog
   904 | D:2      | Identified the +7 dagger of Budox {flame, Dex+2 Stlth+}
  1132 | D:2      | Noticed Ijyb
  1147 | D:2      | Blown up by Ijyb

Illustrated notes

Levels and vault maps discovered:
D:1:      dpeg_arrival_brainrot, layout_basic
D:2:      kennysheep_the_goblin_king, layout_basic

Skill      XL: |  1  2  3 |
---------------+----------+-----
Armour         | 2 |  2.2
Axes           | 3 |  3.4
Dodging        | 2 |  2.0
Fighting       | |  3.7
Stealth        | |  0.2

Action                     || total
---------------------------++-------
  Melee: Hand axe          ||   131
 Invoke: Berserk           ||     2
  Evoke: Wand              ||     5
    Use: Scroll            ||     4
   Stab: Paralysed         ||     3
 Armour: Animal skin       ||    14
         Chain mail        ||    50
  Dodge: Dodged            ||    84
